[Event "Titled Tuesday Blitz May 16 Early 2023"]
[White "Labussiere, Yago"]
[Black "Yelisieiev, Yevhenii"]
[WhiteFideId "2186969"]
[BlackFideId "14139642"]
[WhiteElo "2160"]
[BlackElo "2403"]
[Result "0-1"]
[Round "07"]
[TimeControl "180+2"]
[Date "2023.05.16"]
[WhiteClock "0:00:02"]
[BlackClock "0:00:15"]

1. d4 d6 2. c4 e5 3. Nf3 Nd7 4. Nc3 Ngf6 5. e4 Be7 6. Be2 O-O 7. O-O c6 8. d5 cxd5 9. cxd5 a6 10. a4 Nc5 11. Qc2 a5 12. Be3 Nfd7 13. Ne1 Bg5 14. Bxg5 Qxg5 15. g3 f5 16. exf5 Nf6 17. Nf3 Qxf5 18. Qxf5 Bxf5 19. Nd2 Nfe4 20. Ndxe4 Bxe4 21. f3 Bf5 22. f4 Bh3 23. Rf2 exf4 24. gxf4 Rae8 25. Bb5 Re3 26. Re2 Rf3 27. Rf2 R3xf4 28. Rxf4 Rxf4 29. Ne2 Rb4 30. Re1 g5 31. Ng3 Rxb2 32. Nh5 Kf7 33. Be8+ Kf8 34. Nf6 Rg2+ 35. Kh1 Rf2 36. Nh5 Rf1+ 37. Rxf1+ Bxf1 38. Kg1 Bc4 39. Bb5 Bxb5 40. axb5 a4 41. Nf6 a3 42. Nd7+ Nxd7 0-1


[Site "https://www.chess.com"]

[Event "Titled Tuesday Blitz May 16 Early 2023"]
[White "Buscar, Michael"]
[Black "Degenbaev, Aziz"]
[WhiteFideId "2603616"]
[BlackFideId "13802640"]
[WhiteElo "2010"]
[BlackElo "2152"]
[Result "1/2-1/2"]
[Round "07"]
[TimeControl "180+2"]
[Date "2023.05.16"]
[WhiteClock "0:00:15"]
[BlackClock "0:00:16"]

1. d4 Nf6 2. c4 g6 3. Nc3 Bg7 4. e4 d6 5. Nf3 O-O 6. Be2 e5 7. h3 exd4 8. Nxd4 Re8 9. Bg5 h6 10. Bxf6 Qxf6 11. Nc2 Na6 12. Ne3 c6 13. O-O Nc5 14. Qc2 Qf4 15. Rad1 Nxe4 16. Nxe4 Qxe4 17. Qxe4 Rxe4 18. Rxd6 Bxb2 19. Rd8+ Kg7 20. Bf3 Rd4 21. Rd1 Rxd1+ 22. Bxd1 Bf6 23. Re8 b6 24. Bg4 Bb7 25. Rxa8 Bxa8 26. Bd7 Bd4 27. Nc2 Bc5 28. Kf1 Kf6 29. Ke2 Ke7 30. Bg4 Bb7 31. Bf3 Kd6 32. g4 a5 33. h4 Ba6 34. Kd3 b5 35. cxb5 Bxb5+ 36. Ke4 Bxf2 37. g5 hxg5 38. hxg5 c5 39. Kf4 Bd3 40. Be4 Bxc2 41. Bxc2 c4 42. Ba4 c3 43. Bb3 Kc5 44. Kf3 Bh4 45. Ke2 Kd4 46. Bxf7 Bxg5 47. Kd1 Kc5 48. Bxg6 Kb4 49. Kc2 Bf6 50. Bf7 Ka3 51. Bg8 a4 52. Bf7 Bd4 53. Bg8 Kb4 54. Bf7 a3 55. Bg8 Kc5 56. Bf7 Kd6 57. Bg8 Ke5 58. Bh7 Kf4 59. Bg6 Ke3 60. Bh7 Bf6 61. Kb3 Kd2 62. Kxa3 c2 63. Bxc2 Kc3 64. Ka4 Kxc2 65. Kb5 Kc3 66. a4 Kb3 67. a5 Bd4 68. a6 Ba7 69. Kc6 Kc4 70. Kb7 Be3 71. a7 Bxa7 1/2-1/2


[Site "https://www.chess.com"]

[Event "Titled Tuesday Blitz May 16 Early 2023"]
[White "Klepikov, Nikita"]
[Black "Lehtosaari, Mauri"]
[WhiteFideId "24145220"]
[BlackFideId "501999"]
[WhiteElo "2025"]
[BlackElo "2509"]
[Result "1-0"]
[Round "07"]
[TimeControl "180+2"]
[Date "2023.05.16"]
[WhiteClock "0:00:21"]
[BlackClock "0:00:02"]

1. e4 d5 2. exd5 Qxd5 3. Nc3 Qd8 4. d4 Nf6 5. Bc4 c6 6. Nf3 Bf5 7. Ne5 e6 8. g4 Be4 9. Nxe4 Nxe4 10. Nxf7 Kxf7 11. Qf3+ Nf6 12. g5 Qxd4 13. gxf6 Qxf6 14. Qe4 Bd6 15. Be3 Be5 16. c3 Rd8 17. Rg1 h6 18. f4 Bc7 19. Bd4 Qh4+ 20. Kd1 Qh5+ 21. Kc2 Qxh2+ 22. Kb3 Rd5 23. Rxg7+ Kf8 24. Qh7 1-0


[Site "https://www.chess.com"]

[Event "Titled Tuesday Blitz May 16 Early 2023"]
[White "Goldin, Roman"]
[Black "Mayeregger, Arnold"]
[WhiteFideId "2803860"]
[BlackFideId "3705226"]
[WhiteElo "2312"]
[BlackElo "2038"]
[Result "0-1"]
[Round "07"]
[TimeControl "180+2"]
[Date "2023.05.16"]
[WhiteClock "0:00:44"]
[BlackClock "0:01:09"]

1. Nf3 d5 2. e3 Nf6 3. b4 e6 4. a3 a5 5. b5 Be7 6. Bb2 O-O 7. c4 dxc4 8. Bxc4 Nbd7 9. O-O Nb6 10. Be2 Bd7 11. Qc2 c6 12. Nc3 Nfd5 13. bxc6 Bxc6 14. Ne5 Be8 15. Rac1 Rc8 16. Qb3 a4 17. Qa2 f6 18. Nc4 Nxc3 19. Bxc3 Nd5 20. Bb2 Bf7 21. d3 e5 22. Qa1 b5 23. Nd2 Qa5 24. Rxc8 Rxc8 25. Rc1 Rb8 26. Nf3 b4 27. axb4 Qxb4 28. Ba3 Qxa3 29. Qxa3 Bxa3 30. Ra1 Nc3 0-1


[Site "https://www.chess.com"]

[Event "Titled Tuesday Blitz May 16 Early 2023"]
[White "Golubev, Mikhail"]
[Black "Lesbekova, Assel"]
[WhiteFideId "14100983"]
[BlackFideId "13713248"]
[WhiteElo "2374"]
[BlackElo "1805"]
[Result "0-1"]
[Round "07"]
[TimeControl "180+2"]
[Date "2023.05.16"]
[WhiteClock "0:00:00"]
[BlackClock "0:01:02"]

1. e4 c5 2. Nf3 Nc6 3. Nc3 a6 4. d4 cxd4 5. Nxd4 e5 6. Be3 exd4 7. Bxd4 Nxd4 8. Qxd4 Qf6 9. e5 Qd8 10. O-O-O Nh6 11. Nd5 Be7 12. g4 O-O 13. f4 Bh4 14. Bd3 d6 15. Nb6 Rb8 16. exd6 Bxg4 17. Rdg1 Bf6 18. Qe4 Bf5 19. Qd5 Bxd3 20. Qxd3 Qxb6 21. Qd5 Qxb2+ 0-1


[Site "https://www.chess.com"]

[Event "Titled Tuesday Blitz May 16 Early 2023"]
[White "Wimalasuriya, Kasun M."]
[Black "Yurasova, Daria"]
[WhiteFideId "9906789"]
[BlackFideId "34146919"]
[WhiteElo "2259"]
[BlackElo "2109"]
[Result "1-0"]
[Round "07"]
[TimeControl "180+2"]
[Date "2023.05.16"]
[WhiteClock "0:00:32"]
[BlackClock "0:00:02"]

1. d4 d5 2. c4 dxc4 3. Nf3 Nf6 4. Nc3 Bf5 5. Bf4 e6 6. e3 Bb4 7. Bxc4 O-O 8. O-O Nbd7 9. Rc1 Bd6 10. Ne5 Nb6 11. Be2 Nbd5 12. Bg3 c6 13. Re1 Nxc3 14. Rxc3 Ne4 15. Rb3 Nxg3 16. hxg3 Bxe5 17. dxe5 Qe7 18. Qd6 Rfe8 19. Bd3 Bxd3 20. Rxd3 Qg5 21. Red1 h6 22. Qd4 b6 23. Qf4 Qg6 24. Rd7 c5 25. Qa4 a6 26. Qc6 Rab8 27. Rb7 Qc2 28. Rdd7 Qxb2 29. Rxf7 Qb1+ 30. Kh2 Qg6 31. Qd7 Rxb7 32. Qxe8+ Kh7 33. Rf8 Qxe8 34. Rxe8 b5 35. Rxe6 a5 36. Rc6 c4 37. f4 a4 38. f5 a3 39. g4 Ra7 40. Rc5 b4 41. Rxc4 b3 42. Rc1 b2 43. Rd1 Rb7 44. Rb1 Rc7 45. e6 Kg8 46. Rd1 Kf8 47. Rd8+ Ke7 48. Rb8 Rc1 49. Rb7+ Kf6 50. Rf7+ Kg5 51. e7 b1=Q 52. e8=Q Rh1+ 53. Kg3 Qe1+ 54. Kf3 Rf1+ 55. Ke4 Rf4+ 56. Kd5 Qd2+ 57. Kc6 Qc3+ 58. Kd7 Qd3+ 59. Kc8 Qc4+ 60. Rc7 Qa6+ 61. Kd8 Rb4 62. Rxg7+ Kh4 63. Qh5+ Kg3 64. Qh3+ Kf2 65. Qf3+ Kg1 66. Rd7 Rb8+ 67. Ke7 Qa4 68. Rd1+ Kh2 69. Qh3# 1-0


[Site "https://www.chess.com"]

[Event "Titled Tuesday Blitz May 16 Early 2023"]
[White "Jodorcovsky Werjivker, Paulo"]
[Black "Camilla_Lee"]
[WhiteFideId "3700305"]
[WhiteElo "2120"]
[BlackElo "2608"]
[Result "0-1"]
[Round "07"]
[TimeControl "180+2"]
[Date "2023.05.16"]
[WhiteClock "0:00:20"]
[BlackClock "0:00:16"]

1. e4 e5 2. Nf3 Nc6 3. Bb5 f5 4. d3 fxe4 5. dxe4 Nf6 6. Bg5 d6 7. Bc4 Be7 8. Nc3 Bg4 9. h3 Bxf3 10. Qxf3 Nd4 11. Qd3 Qd7 12. Bxf6 Bxf6 13. Nd5 Bg5 14. f4 Bh4+ 15. g3 Bxg3+ 16. Qxg3 Nxc2+ 17. Kd2 Nxa1 18. fxe5 O-O-O 19. e6 Qa4 20. Qc3 c6 21. Rxa1 Kb8 22. b3 Qa3 23. Nb4 a5 24. Nc2 Qc5 25. Rf1 d5 26. exd5 cxd5 27. Bd3 Qd6 28. Nd4 Rc8 29. Qxa5 Qh2+ 30. Be2 Qe5 31. Nb5 Qb2+ 32. Ke3 Qe5+ 33. Kd3 Qe4+ 34. Kd2 Rc2+ 35. Kd1 Qxe2# 0-1


[Site "https://www.chess.com"]

[Event "Titled Tuesday Blitz May 16 Early 2023"]
[White "Aradhya, Garg"]
[Black "Tanmay Jain"]
[WhiteFideId "25006746"]
[BlackFideId "45015481"]
[WhiteElo "2263"]
[BlackElo "2032"]
[Result "0-1"]
[Round "07"]
[TimeControl "180+2"]
[Date "2023.05.16"]
[WhiteClock "0:00:00"]
[BlackClock "0:00:06"]

1. d4 Nf6 2. c4 e6 3. Nf3 d5 4. Nc3 Be7 5. Bf4 O-O 6. a3 b6 7. e3 Bb7 8. Rc1 c5 9. cxd5 exd5 10. Bd3 Nc6 11. O-O Bd6 12. Bg5 Be7 13. Ne5 Nxe5 14. dxe5 Ne4 15. Bxe4 dxe4 16. Qxd8 Bxd8 17. Bf4 Bc7 18. Rfd1 Rad8 19. Nb5 Bb8 20. Nd6 Bc6 21. b4 Ba4 22. Rd2 cxb4 23. axb4 f6 24. e6 Bxd6 25. Rxd6 Rxd6 26. Bxd6 Re8 27. e7 Kf7 28. Ra1 Ke6 29. Bf4 b5 30. Rc1 Rxe7 31. Rc6+ Kf7 32. g4 Rd7 33. g5 Bd1 34. Kg2 Bf3+ 35. Kg3 Rd1 36. gxf6 Rg1+ 37. Kh3 g5 38. Bxg5 Rxg5 39. Rc7+ Kxf6 40. Rxa7 Rg7 41. Ra6+ Kf5 42. Rb6 Be2 43. Rh6 Rc7 44. Rh4 Rg7 45. Rf4+ Ke5 46. Rf8 Rc7 47. Re8+ Kf5 48. Rf8+ Kg6 49. Re8 Bd3 50. Rd8 Rc4 51. f4 Rxb4 52. Rd6+ Kg7 53. Kg4 Rb2 54. f5 Rf2 55. h4 b4 56. Rb6 Rb2 57. Kg5 Rg2+ 58. Kf4 Rf2+ 59. Ke5 Rf3 60. Rb7+ Kh6 61. Rb6+ Kh5 62. Rb7 h6 63. Rxb4 Rxe3 64. Rb6 Rf3 65. Rd6 Bc2 66. Rd2 Bd3 67. f6 Kg6 68. Rg2+ Kf7 69. Rg7+ Kf8 70. Rd7 Bc4 71. Rc7 Bd3 72. Rc8+ Kf7 73. Rc7+ Kg6 74. Rg7+ Kh5 75. Rd7 Kxh4 76. f7 Kg5 77. Kd6 Kg6 78. Ke5 Rxf7 79. Rd6+ Kg5 80. Rd8 Rf5+ 81. Kd4 Kf4 82. Rh8 Rf6 83. Rg8 Rd6+ 0-1


[Site "https://www.chess.com"]

[Event "Titled Tuesday Blitz May 16 Early 2023"]
[White "Osinovsky, Stepan"]
[Black "Andreev, Konstantin"]
[WhiteFideId "4157354"]
[BlackFideId "24239305"]
[WhiteElo "2222"]
[BlackElo "2106"]
[Result "1-0"]
[Round "07"]
[TimeControl "180+2"]
[Date "2023.05.16"]
[WhiteClock "0:00:47"]
[BlackClock "0:01:38"]

1. Nf3 Nf6 2. g3 b5 3. Bg2 Bb7 4. O-O e6 5. d3 Be7 6. e4 d6 7. Re1 O-O 8. Nbd2 c5 9. a4 b4 10. e5 dxe5 11. Nxe5 Bxg2 12. Kxg2 Qc7 13. Qf3 Nbd7 14. Nc6 Bd6 15. Nc4 Nd5 16. Nxd6 Qxd6 17. Na5 N7b6 18. Nc4 Nxc4 19. dxc4 Nb6 20. b3 a5 21. Be3 e5 22. Rad1 Qe7 23. Qc6 Rab8 24. Bxc5 Qa7 25. Bxf8 Rxf8 26. Rxe5 h6 27. Re8 Rxe8 28. Qxe8+ Kh7 29. c5 Qb7+ 30. f3 Nc8 31. Qe4+ Qxe4 32. fxe4 Kg6 33. c6 Kf6 34. c7 1-0


[Site "https://www.chess.com"]

[Event "Titled Tuesday Blitz May 16 Early 2023"]
[White "Liu, Casper"]
[Black "Sharapov, Evgeny"]
[WhiteFideId "1454153"]
[BlackFideId "14103133"]
[WhiteElo "2221"]
[BlackElo "2367"]
[Result "1-0"]
[Round "07"]
[TimeControl "180+2"]
[Date "2023.05.16"]
[WhiteClock "0:00:03"]
[BlackClock "0:00:00"]

1. d4 Nf6 2. Bf4 d5 3. c3 e6 4. e3 c5 5. Nf3 Nc6 6. Nbd2 Bd6 7. Ne5 Qc7 8. Ndf3 O-O 9. Bd3 Ne4 10. Qc2 f5 11. Nxc6 bxc6 12. Bxd6 Qxd6 13. Ne5 c4 14. Bxe4 fxe4 15. O-O Bd7 16. b3 cxb3 17. axb3 a5 18. Ra2 c5 19. Nxd7 Qxd7 20. dxc5 Qb5 21. Rfa1 Qxc5 22. b4 Qc4 23. Rxa5 Rxa5 24. bxa5 Ra8 25. Qb2 h6 26. h4 Kh7 27. Ra3 Ra6 28. g3 e5 29. Qb4 Qe2 30. Qb1 Qc4 31. Qf1 Qc6 32. c4 dxc4 33. Qb1 c3 34. Qc2 Qd5 35. Qxc3 Qd1+ 36. Kg2 Qf3+ 37. Kg1 Qd1+ 38. Kh2 Qf1 39. Qc2 Rf6 40. Ra2 Qb5 41. Qxe4+ g6 42. Qc2 h5 43. Qc7+ Kh6 44. Qc2 Kh7 45. Kg2 Qd5+ 46. Kh2 Qf3 47. a6 Rf8 48. a7 Kh6 49. Qd2 1-0


[Site "https://www.chess.com"]

[Event "Titled Tuesday Blitz May 16 Early 2023"]
[White "electrosaw"]
[Black "Santarius, Erik"]
[BlackFideId "2025817"]
[WhiteElo "2462"]
[BlackElo "2300"]
[Result "1/2-1/2"]
[Round "07"]
[TimeControl "180+2"]
[Date "2023.05.16"]
[WhiteClock "0:01:22"]
[BlackClock "0:00:41"]

1. e4 e5 2. Nf3 Nc6 3. Bb5 a6 4. Bxc6 dxc6 5. O-O Qf6 6. d4 exd4 7. Bg5 Qg6 8. Qxd4 Be7 9. Bf4 Bd6 10. Bxd6 cxd6 11. Rd1 Ne7 12. Qxd6 Qxd6 13. Rxd6 O-O 14. Nc3 Re8 15. Rad1 Kf8 16. Rd8 Bg4 17. Rxa8 Rxa8 18. Rd3 Bxf3 19. Rxf3 Ke8 20. Rd3 Ng6 21. Kf1 Ke7 22. g3 Ne5 23. Rd1 b5 24. f4 Nd7 25. Ke2 Nb6 26. b3 a5 27. e5 a4 28. Ne4 Nd5 29. c4 Nb4 30. a3 Nc2 31. cxb5 cxb5 32. bxa4 Rxa4 33. Nc5 Rxa3 34. Rd7+ Ke8 35. Rb7 Rc3 36. Rb8+ Ke7 37. Rb7+ Ke8 38. Rb8+ Ke7 39. Rb7+ Ke8 1/2-1/2


[Site "https://www.chess.com"]

[Event "Titled Tuesday Blitz May 16 Early 2023"]
[White "Demin, Vladimir"]
[Black "Aarav Dengla"]
[WhiteFideId "4167457"]
[BlackFideId "45059756"]
[WhiteElo "2539"]
[BlackElo "2288"]
[Result "1-0"]
[Round "07"]
[TimeControl "180+2"]
[Date "2023.05.16"]
[WhiteClock "0:00:28"]
[BlackClock "0:00:01"]

1. d4 d5 2. Nc3 Nf6 3. Bf4 c5 4. e4 e6 5. exd5 cxd4 6. Qxd4 Nc6 7. Bb5 Nxd5 8. O-O-O a6 9. Ba4 b5 10. Nxd5 Nxd4 11. Nc7+ Ke7 12. Nxa8 Bb7 13. Nf3 Ne2+ 14. Kb1 Qxd1+ 15. Rxd1 Nxf4 16. Nb6 Bxf3 17. gxf3 bxa4 18. Rd7+ Kf6 19. Nxa4 Be7 20. c4 Rd8 21. Ra7 Rd2 22. Nc3 Bc5 23. Ne4+ Ke5 24. Nxc5 Rxf2 25. Rxf7 Ne2 26. Nb3 Rf1+ 27. Kc2 Rf2 28. c5 Rxh2 29. Rxg7 Nd4+ 30. Kc3 Nxf3 31. c6 Ne1 32. Nd2 Rh3+ 33. Kb4 Nd3+ 34. Ka5 Nxb2 35. c7 Rc3 36. Kb6 h5 37. Rh7 h4 38. Rxh4 Kd6 39. Rd4+ Ke7 40. Kb7 Na4 41. c8=Q Rxc8 42. Kxc8 1-0


[Site "https://www.chess.com"]

[Event "Titled Tuesday Blitz May 16 Early 2023"]
[White "Altman, Joshua"]
[Black "Titichoca Daza, Daniel"]
[WhiteFideId "426210"]
[BlackFideId "3309550"]
[WhiteElo "2028"]
[BlackElo "2101"]
[Result "1-0"]
[Round "07"]
[TimeControl "180+2"]
[Date "2023.05.16"]
[WhiteClock "0:00:40"]
[BlackClock "0:00:16"]

1. d4 Nf6 2. c4 e6 3. Nf3 d5 4. Nc3 dxc4 5. e4 b5 6. e5 Nd5 7. Nxb5 Nb6 8. Be2 Nc6 9. O-O Be7 10. Be3 O-O 11. Rc1 Na5 12. Nd2 Rb8 13. Qc2 Ba6 14. Nc3 Nd5 15. Nxd5 exd5 16. Nb1 c5 17. Nc3 Nc6 18. Rfd1 cxd4 19. Bxd4 Qa5 20. Bf3 Rfd8 21. Bxd5 Rxd5 22. Nxd5 Qxd5 23. Bxa7 Qxe5 24. Bxb8 Qxb8 25. Qe4 Bb5 26. Rd7 Bf8 27. Qd5 Nb4 28. Qxf7+ Kh8 29. Rb7 Qe8 30. Qxe8 Bxe8 31. Rb8 Kg8 32. Rxe8 Kf7 33. Rb8 Nd3 34. Rxc4 Bd6 35. Rb7+ Ke6 36. a4 Ne5 37. Re4 Kd5 38. Rxe5+ Bxe5 39. a5 Kc6 40. Rb3 g5 41. a6 Bd4 42. Kf1 h5 43. f3 Kc7 44. Ke2 Kc6 45. Kd3 Bc5 46. Kc4 Ba7 47. Rb5 Bf2 48. Rxg5 h4 49. Rg6+ Kc7 50. f4 Kd7 51. a7 Bxa7 52. Rg7+ Ke6 53. Rxa7 h3 54. gxh3 Kf6 55. b4 Kg6 56. b5 Kh6 57. Kd4 Kh5 58. Ke5 Kh6 59. Kf5 Kh5 60. Rh7# 1-0


[Site "https://www.chess.com"]

[Event "Titled Tuesday Blitz May 16 Early 2023"]
[White "Omariev, Maksim"]
[Black "Shvedova, Alexandra"]
[WhiteFideId "4193423"]
[BlackFideId "54154782"]
[WhiteElo "2418"]
[BlackElo "1973"]
[Result "0-1"]
[Round "07"]
[TimeControl "180+2"]
[Date "2023.05.16"]
[WhiteClock "0:00:00"]
[BlackClock "0:00:18"]

1. e4 c5 2. Nf3 d6 3. d4 cxd4 4. Nxd4 Nf6 5. Nc3 a6 6. h3 e5 7. Nde2 h5 8. Bg5 Be6 9. Ng3 h4 10. Nh5 Nbd7 11. Be2 Qb6 12. Nxf6+ gxf6 13. Bc1 Rg8 14. Bf3 Rc8 15. a4 Rc4 16. a5 Qc7 17. Be3 Rb4 18. Na4 Qc6 19. b3 Qc7 20. Nb6 Nxb6 21. Bxb6 Qc3+ 22. Kf1 Be7 23. Kg1 f5 24. Ra4 Rxa4 25. bxa4 fxe4 26. Bxe4 Qc8 27. Kh2 Qd7 28. c4 Bxc4 29. Qf3 d5 30. Bf5 Qxa4 31. Re1 Bd6 32. Qh5 Qb4 33. Re2 d4 34. Re4 Bd5 0-1


[Site "https://www.chess.com"]

[Event "Titled Tuesday Blitz May 16 Early 2023"]
[White "Tokman, Ariel"]
[Black "Petrova, Irina"]
[WhiteFideId "117420"]
[BlackFideId "14124122"]
[WhiteElo "2263"]
[BlackElo "2084"]
[Result "1-0"]
[Round "07"]
[TimeControl "180+2"]
[Date "2023.05.16"]
[WhiteClock "0:01:54"]
[BlackClock "0:01:08"]

1. b3 e5 2. Bb2 Nc6 3. e3 Nf6 4. Bb5 Bd6 5. Nf3 e4 6. Nd4 Nxd4 7. Bxd4 c6 8. Be2 Be5 9. Bxe5 O-O 10. c4 Re8 11. Bb2 d5 12. cxd5 cxd5 13. Nc3 a6 14. O-O Qd6 15. d3 Qe5 16. dxe4 dxe4 17. Qd4 Qg5 18. Rfd1 Bh3 19. Bf1 h5 20. Nd5 Nxd5 21. Qxd5 Qg6 22. Qd6 Re6 23. Qg3 Bg4 24. Rd5 Qh7 25. h3 Bf5 26. Qf4 Bg4 27. Rg5 1-0


[Site "https://www.chess.com"]

[Event "Titled Tuesday Blitz May 16 Early 2023"]
[White "Balla, Tamas-Kristof"]
[Black "Estrada Nieto, Julian"]
[WhiteFideId "1208497"]
[BlackFideId "5101018"]
[WhiteElo "2334"]
[BlackElo "2161"]
[Result "0-1"]
[Round "07"]
[TimeControl "180+2"]
[Date "2023.05.16"]
[WhiteClock "0:00:12"]
[BlackClock "0:00:55"]

1. d4 d5 2. Nc3 Nf6 3. Bf4 c6 4. e3 Bf5 5. Bd3 e6 6. Nf3 Bb4 7. O-O O-O 8. Ne5 Nbd7 9. Ne2 Bxd3 10. Qxd3 Nxe5 11. Bxe5 Bd6 12. Ng3 c5 13. f4 Rc8 14. c3 Qe7 15. Bxf6 Qxf6 16. Rf3 g6 17. e4 Qh4 18. e5 Bb8 19. Ne2 cxd4 20. Nxd4 a6 21. Kh1 Ba7 22. Ne2 Rc4 23. Rh3 Qg4 24. Rg3 Qf5 25. Qxf5 exf5 26. Rd3 Re4 27. Re1 Bf2 0-1


[Site "https://www.chess.com"]

[Event "Titled Tuesday Blitz May 16 Early 2023"]
[White "Shuvalov, Evgenij"]
[Black "Gutkin, Ilya"]
[WhiteFideId "4187237"]
[BlackFideId "16203470"]
[WhiteElo "2080"]
[BlackElo "2265"]
[Result "1-0"]
[Round "07"]
[TimeControl "180+2"]
[Date "2023.05.16"]
[WhiteClock "0:00:20"]
[BlackClock "0:00:41"]

1. d4 e6 2. c4 b6 3. e4 Bb7 4. Bd3 Bb4+ 5. Bd2 Bxd2+ 6. Nxd2 f5 7. Ngf3 fxe4 8. Nxe4 Nf6 9. Qe2 O-O 10. O-O Nxe4 11. Bxe4 Bxe4 12. Qxe4 Nc6 13. Rad1 Qf6 14. Rfe1 Rae8 15. h3 Qf4 16. Qd3 e5 17. dxe5 Nxe5 18. Rxe5 Rxe5 19. Nxe5 Qxe5 20. Qd5+ Qxd5 21. cxd5 Kf7 22. Rc1 Rc8 23. Re1 Re8 24. Rc1 Rc8 25. Re1 c6 26. dxc6 Rxc6 27. Re2 d5 28. f4 Rc4 29. g3 Kf6 30. Kf2 Kf5 31. Kf3 Kf6 32. g4 h6 33. Rd2 Ke6 34. h4 Rc1 35. h5 Rf1+ 36. Ke3 Rg1 37. Kf3 Kd6 38. f5 Rf1+ 39. Ke3 Ke5 40. Re2 Rf4 41. Kd3+ Kd6 42. Re6+ Kc5 43. Rg6 Rf3+ 44. Ke2 Rh3 45. Rxg7 Rh2+ 46. Kd3 Rxb2 47. f6 Rf2 48. f7 a5 49. g5 hxg5 50. h6 g4 51. h7 g3 52. h8=Q g2 53. f8=Q+ 1-0


[Site "https://www.chess.com"]

[Event "Titled Tuesday Blitz May 16 Early 2023"]
[White "Chernomordik, Pavel"]
[Black "Hinds, Nathan"]
[WhiteFideId "2804530"]
[BlackFideId "7400730"]
[WhiteElo "2193"]
[BlackElo "2001"]
[Result "1-0"]
[Round "07"]
[TimeControl "180+2"]
[Date "2023.05.16"]
[WhiteClock "0:00:05"]
[BlackClock "0:00:14"]

1. e4 c6 2. Nc3 d5 3. Nf3 dxe4 4. Nxe4 Bg4 5. h3 Bxf3 6. Qxf3 e6 7. Qg3 Nf6 8. Nxf6+ Qxf6 9. Qc7 Nd7 10. Qxb7 Qe5+ 11. Be2 Rb8 12. Qxc6 Be7 13. Qc3 Qg5 14. O-O O-O 15. d4 Qh4 16. Qc7 Rfd8 17. Qf4 Qxf4 18. Bxf4 Rxb2 19. Bd3 Bf6 20. c3 Nc5 21. Rfd1 Nxd3 22. Rxd3 Rc2 23. Be3 e5 24. Rad1 exd4 25. Bxd4 Bxd4 26. Rxd4 Rxd4 27. Rxd4 Kf8 28. Ra4 Rxc3 29. Rxa7 g6 30. h4 h5 31. g3 Rc2 32. Kg2 Kg7 33. Kf3 Rc3+ 34. Ke2 Rc2+ 35. Ke3 Rc3+ 36. Kd2 Rf3 37. Ke2 Rc3 38. a4 Rc2+ 39. Ke3 Rc3+ 40. Kf4 Rc4+ 41. Ke3 Rc3+ 42. Kd2 Rf3 43. Ke2 Rc3 44. a5 Rc2+ 45. Ke3 Rc3+ 46. Kd2 Rf3 47. Ke2 Rc3 48. Rd7 Ra3 49. Rd5 Kf6 50. Kd2 Ke6 51. Rb5 Kd6 52. Ke2 Ra2+ 53. Kf3 Ra3+ 54. Kf4 Ke6 55. Rb6+ Ke7 56. a6 Kf8 57. Kg5 Kg7 58. Kf4 Ra4+ 59. Ke3 Ra3+ 60. Ke2 Ra2+ 61. Kf3 Ra3+ 62. Kg2 Ra2 63. Kg1 Ra3 64. Kg2 Ra2 65. Rd6 Ra3 66. f3 Ra2+ 67. Kh3 Ra3 68. f4 Ra4 69. Kg2 Ra3 70. Kf2 Ra2+ 71. Kf3 Ra3+ 72. Ke4 Ra4+ 73. Ke5 Ra3 74. Kd5 Rxg3 75. a7 Ra3 76. Rd7 Kf6 77. Kc6 Rc3+ 78. Kb7 Rb3+ 79. Kc8 Ra3 80. Kb8 Rb3+ 81. Rb7 Rd3 82. a8=Q Rd8+ 83. Ka7 Rxa8+ 84. Kxa8 Kf5 85. Rxf7+ Kg4 86. Rf6 Kxh4 87. Rxg6 Kh3 88. f5 h4 89. f6 Kh2 90. f7 h3 91. f8=Q Kh1 92. Qf1+ Kh2 93. Qg1# 1-0


[Site "https://www.chess.com"]

[Event "Titled Tuesday Blitz May 16 Early 2023"]
[White "Ansh M Shah"]
[Black "Hirneise, Jens"]
[WhiteFideId "25033379"]
[BlackFideId "24614734"]
[WhiteElo "2084"]
[BlackElo "2345"]
[Result "1-0"]
[Round "07"]
[TimeControl "180+2"]
[Date "2023.05.16"]
[WhiteClock "0:01:17"]
[BlackClock "0:01:03"]

1. d4 Nf6 2. c4 e6 3. g3 Bb4+ 4. Nd2 O-O 5. Bg2 Re8 6. Nf3 Bf8 7. O-O d6 8. b3 e5 9. dxe5 dxe5 10. Bb2 Nc6 11. Ng5 Bf5 12. Nge4 Be7 13. Nxf6+ Bxf6 14. Ne4 Bxe4 15. Bxe4 Qc8 16. e3 Nd8 17. Qc2 h5 18. Bh7+ Kh8 19. Bf5 Ne6 20. Rad1 a5 21. a3 c6 22. Bc3 Qc7 23. Rd2 g6 24. Bxe6 Rxe6 25. Rfd1 Rd8 26. Rxd8+ Bxd8 27. Qd2 Bf6 28. Bxa5 b6 29. Bc3 Kg7 30. Qd7 Re7 31. Qxc7 Rxc7 32. Rd6 Be7 33. Bxe5+ f6 34. Rxf6 Bxf6 35. Bxc7 b5 36. cxb5 cxb5 37. a4 bxa4 38. bxa4 Kf7 39. a5 Ke8 40. a6 Kd7 41. a7 Kxc7 42. a8=Q 1-0


[Site "https://www.chess.com"]

[Event "Titled Tuesday Blitz May 16 Early 2023"]
[White "Smith, Shreyas"]
[Black "Baches Garcia, Guillermo"]
[WhiteFideId "7400713"]
[BlackFideId "2209764"]
[WhiteElo "2151"]
[BlackElo "2483"]
[Result "0-1"]
[Round "07"]
[TimeControl "180+2"]
[Date "2023.05.16"]
[WhiteClock "0:00:52"]
[BlackClock "0:01:20"]

1. e4 d5 2. exd5 Qxd5 3. Nc3 Qa5 4. d4 c6 5. Nf3 Nf6 6. Bc4 Bf5 7. Bd2 e6 8. Nd5 Qd8 9. Nxf6+ gxf6 10. Qe2 Nd7 11. O-O-O Qc7 12. Nh4 Bg6 13. f4 O-O-O 14. f5 exf5 15. Qf3 Nb6 16. Bf4 Bd6 17. Bxd6 Rxd6 18. Bd3 Rhd8 19. Bxf5+ Kb8 20. c3 c5 21. dxc5 Qxc5 22. Qg3 Ka8 23. Bg4 Qg5+ 0-1


[Site "https://www.chess.com"]

[Event "Titled Tuesday Blitz May 16 Early 2023"]
[White "Toncheva, Nadya"]
[Black "I_KID_you_not"]
[WhiteFideId "2924056"]
[WhiteElo "2101"]
[BlackElo "2327"]
[Result "1-0"]
[Round "07"]
[TimeControl "180+2"]
[Date "2023.05.16"]
[WhiteClock "0:01:19"]
[BlackClock "0:00:52"]

1. d4 Nf6 2. c4 g6 3. Nc3 Bg7 4. e4 d6 5. Be2 O-O 6. Bg5 c5 7. d5 e6 8. Qd2 exd5 9. exd5 Qb6 10. Nf3 Bf5 11. O-O Ne4 12. Nxe4 Bxe4 13. b3 Nd7 14. Rae1 Rfe8 15. Bd1 Qb4 16. Qxb4 cxb4 17. Bd2 Bd3 18. Rxe8+ Rxe8 19. Re1 Rxe1+ 20. Nxe1 Bb1 21. Bxb4 Nc5 22. Bxc5 dxc5 23. a3 Bb2 24. Bc2 Ba2 25. a4 Kf8 26. Nd3 Ba3 27. Kf1 Ke7 28. Ke2 a6 29. Kd2 b5 30. cxb5 axb5 31. a5 c4 32. a6 cxb3 33. a7 Bc1+ 1-0


[Site "https://www.chess.com"]

[Event "Titled Tuesday Blitz May 16 Early 2023"]
[White "Thiel, Thomas"]
[Black "Sargissyan, Sargis"]
[WhiteFideId "4615964"]
[BlackFideId "13303210"]
[WhiteElo "2208"]
[BlackElo "2109"]
[Result "0-1"]
[Round "07"]
[TimeControl "180+2"]
[Date "2023.05.16"]
[WhiteClock "0:00:00"]
[BlackClock "0:00:33"]

1. e4 c5 2. Nc3 Nc6 3. Bb5 Nd4 4. Bc4 g6 5. Nf3 Bg7 6. Nxd4 cxd4 7. Qf3 Nf6 8. Ne2 d5 9. exd5 Bg4 10. Qb3 Bxe2 11. Qb5+ Qd7 12. Kxe2 O-O-O 13. Qxd7+ Rxd7 14. c3 Nxd5 15. Bb5 Rc7 16. g3 dxc3 17. dxc3 Bxc3 18. Ba4 Be5 19. Bb3 Rd8 20. f4 Bf6 21. Rd1 e6 22. Rd2 g5 23. fxg5 Bxg5 24. Rc2 Rxc2+ 25. Bxc2 Bf6 26. Rb1 Kd7 27. Bd2 Rc8 28. Ba4+ Kd6 29. Rf1 Rc7 30. Bc1 b5 31. Bb3 Be5 32. Rd1 a5 33. a4 bxa4 34. Bxa4 Rc4 35. Bb3 Rb4 36. Bxd5 exd5 37. Rd2 a4 38. Kd1 h5 39. Kc2 h4 0-1


[Site "https://www.chess.com"]